AoeStats
← hugo-etienne

Nomad

509744349Analyzed
4v4 RM · 5d ago on Sep 27, 2026· 67m 4s· 8 players
Game mode
Random Map
Map size
231×231
Population
200
Speed
Normal
Resources
Standard
Victory
Conquest
Starting age
Dark Age
Ending age
Imperial Age
RankedLock teamsTeams togetherTeam positionsShared explorationLock speedFull tech treeHidden civsTurbo modeCheats
Victory
Defeat
🇨🇱 Koreans · Chile
888
+12
🇲🇽 Persians · Mexico
854
+13
🇧🇷 Britons · Brazil
843
+14
🇧🇷 Jurchens · Brazil
699
+19
🇩🇪 Vietnamese · Germany
851
-17
🇫🇷 Burgundians · France
830
-32
🇹🇷 Huns · Türkiye
770
-14
🇨🇴 Muisca · Colombia
707
-11
danielalejandrocrco
5:09 Loom
17:27 Feudal Age
18:08 Fishing Lines
18:18 Double-Bit Axe
19:39 Wheelbarrow
18:59 Town Watch
19:35 Champi Runner
21:33 Forging
23:18 Scale Mail Armor
25:50 Gold Mining
28:50 Castle Age
27:05 Fletching
27:16 Padded Archer Armor
27:45 Horse Collar
29:07 Champi Warrior
31:19 Gillnets
35:42 Squires
41:29 Iron Casting
41:37 Heavy Plow
42:26 Hand Cart
43:57 Chain Mail Armor
43:28 Treadmill Crane
44:12 Bow Saw
45:26 Gold Shaft Mining
48:24 Imperial Age
46:41 Town Patrol
47:43 Stone Mining
48:09 Bodkin Arrow
48:37 Ballistics
48:14 Murder Holes
48:33 Onager
52:01 Chemistry
acetiner
3:52 Loom
16:27 Feudal Age
18:31 Stone Mining
18:29 Double-Bit Axe
18:29 Horse Collar
22:18 Gold Mining
29:44 Castle Age
32:53 Pikeman
33:33 Squires
33:18 Arson
35:05 Marauders
35:05 Murder Holes
35:21 Masonry
35:32 Ballistics
36:50 Gold Shaft Mining
36:18 Heavy Plow
37:02 Bloodlines
38:39 Bow Saw
40:15 Wheelbarrow
42:45 Scale Mail Armor
42:52 Scale Barding Armor
51:48 Forging
51:30 Fletching
54:11 Hand Cart
64:00 Husbandry
64:01 Bodkin Arrow
64:41 Iron Casting
TrueCrime
3:37 Loom
18:37 Feudal Age
21:42 Double-Bit Axe
21:41 Horse Collar
21:54 Stone Mining
25:57 Castle Age
24:46 Gold Mining
27:23 Wheelbarrow
27:36 Town Watch
35:48 Fletching
35:59 Padded Archer Armor
37:40 Squires
37:01 Pikeman
38:55 Leather Archer Armor
38:41 Scale Mail Armor
39:54 Bow Saw
39:46 Heavy Plow
42:53 Stone Shaft Mining
44:00 Forging
44:06 Chain Mail Armor
43:46 Bodkin Arrow
44:24 Hand Cart
44:22 Thumb Ring
43:38 Elite Skirmisher
48:36 Imperial Age
47:37 Iron Casting
47:06 Crossbowman
47:55 Caravan
49:33 Ballistics
48:50 Elite Rattan Archer
48:59 Onager
51:11 Chemistry
50:53 Careening
50:23 Halberdier
53:59 Bracer
54:29 Ring Archer Armor
54:30 Plate Mail Armor
58:12 Imperial Skirmisher
59:35 Arson
hugo-etienne
7:24 Wheelbarrow
7:30 Loom
15:56 Fishing Lines
18:31 Horse Collar
21:38 Feudal Age
24:03 Town Watch
25:14 Hand Cart
25:06 Double-Bit Axe
25:28 Heavy Plow
25:38 Padded Archer Armor
25:38 Scale Mail Armor
25:44 Scale Barding Armor
25:30 Fletching
25:51 Forging
28:05 Gold Mining
28:06 Stone Mining
28:21 Gillnets
34:47 Arson
39:27 Castle Age
41:29 Chain Barding Armor
41:24 Chain Mail Armor
46:33 Gold Shaft Mining
46:33 Stone Shaft Mining
47:44 Town Patrol
49:39 Burgundian Vineyards
55:59 Imperial Age
56:49 Elite Coustillier
58:05 Hoardings
57:07 Sappers
58:00 Conscription
65:21 Hoardings
Rompe--Anos
4:31 Loom
18:16 Feudal Age
20:14 Fishing Lines
23:18 Castle Age
21:48 Scale Barding Armor
27:49 Double-Bit Axe
30:20 Horse Collar
31:35 Heavy Plow
33:34 Bloodlines
40:58 Imperial Age
41:41 Wheelbarrow
42:12 Crop Rotation
42:26 Conscription
43:41 Hand Cart
43:50 Ballistics
44:25 Bow Saw
45:46 Chemistry
45:58 Heavy Scorpion
47:15 Elite War Elephant
50:42 Chain Barding Armor
50:32 Forging
53:22 Iron Casting
55:52 Blast Furnace
55:28 Plate Barding Armor
56:24 Two-Man Saw
58:02 Husbandry
63:10 Citadels
Cholo-Mochica
5:46 Loom
16:04 Feudal Age
16:43 Double-Bit Axe
17:19 Fishing Lines
20:01 Horse Collar
23:21 Gold Mining
25:18 Stone Mining
29:12 Castle Age
28:01 Bloodlines
28:07 Scale Barding Armor
28:02 Scale Mail Armor
28:15 Forging
29:52 Pikeman
31:51 Wheelbarrow
31:03 Town Watch
32:30 Clinker Construction
32:31 Careening
32:27 Siege Engineers
32:43 Ballistics
33:04 Hand Cart
36:01 Gillnets
36:21 Medium Warships
37:16 Chain Barding Armor
45:00 Imperial Age
44:07 Chain Mail Armor
44:28 Iron Casting
46:49 Halberdier
48:10 Heavy Plow
51:17 Elite Skirmisher
53:02 Chemistry
51:57 Murder Holes
52:36 Padded Archer Armor
52:27 Fletching
55:23 Heavy Warships
54:19 Demolition Ship
57:11 Conscription
56:50 Bodkin Arrow
57:10 Leather Archer Armor
62:14 Town Patrol
62:17 Bracer
62:33 Leather Archer Armor
62:54 Plate Barding Armor
63:20 Blast Furnace
Juan Carlos Bodoque
3:58 Loom
15:39 Feudal Age
16:09 Town Watch
16:21 Gold Mining
18:00 Fishing Lines
20:17 Wheelbarrow
22:58 Castle Age
21:37 Fletching
23:20 Stone Mining
31:35 Bodkin Arrow
31:49 Thumb Ring
31:33 Crossbowman
32:59 Ballistics
36:23 Town Patrol
37:52 Treadmill Crane
41:02 Double-Bit Axe
42:16 Eupseong
43:13 Bow Saw
44:54 Hand Cart
47:54 Gillnets
50:33 Gold Shaft Mining
50:33 Stone Shaft Mining
51:40 Medium Warships
53:06 Careening
53:06 Clinker Construction
53:12 Masonry
52:57 Murder Holes
59:03 Imperial Age
57:27 Heated Shot
59:09 Elite War Wagon
60:10 Conscription
60:30 Architecture
59:43 Capped Ram
59:52 Heavy Rocket Cart
61:02 Siege Engineers
64:42 Chemistry
63:28 Arrowslits
64:06 Carvel Hull
64:32 Dry Dock
64:54 Bracer
dangoca
3:34 Loom
14:05 Feudal Age
21:35 Castle Age
21:42 Double-Bit Axe
25:21 Horse Collar
29:50 Pikeman
35:00 Imperial Age
32:17 Town Watch
34:18 Heavy Plow
35:29 Wheelbarrow
34:54 Town Patrol
35:22 Bow Saw
37:09 Halberdier
37:36 Arson
37:36 Gambesons
38:32 Cavalier
39:12 Husbandry
40:54 Gold Mining
40:54 Stone Mining
42:27 Ballistics
43:07 Chemistry
42:03 Murder Holes
42:19 Fortified Wall
43:33 Heavy Scorpion
43:39 Elite Longbowman
44:55 Hoardings
46:26 Two-Man Saw
48:46 Heated Shot
49:11 Capped Ram
50:27 Forging
50:17 Scale Mail Armor
50:23 Scale Barding Armor
50:08 Fletching
50:18 Padded Archer Armor
63:35 Gold Shaft Mining
Connection lost

Rejoining the realm…

Still unreachable

The connection could not be restored.

Session expired

The server has moved on; the page needs a fresh start.